 Dungeon Crawl Stone Soup version 0.20.1-1-g8b1a95d66d (webtiles) character file.

79 JayJay1191 the Cudgeler (level 4, -1/35 HPs)
             Began as a Demonspawn Chaos Knight on Dec 8, 2017.
             Slain by a scorpion (5 damage)
             ... on level 3 of the Dungeon.
             The game lasted 00:08:23 (1974 turns).

JayJay1191 the Cudgeler (Demonspawn Chaos Knight)   Turns: 1974, Time: 00:08:24

Health: -1/35      AC:  8    Str: 13    XL:     4   Next: 17%
Magic:  4/4        EV: 11    Int: 14    God:    Xom [..*...]
Gold:   105        SH:  0    Dex: 12    Spells: 3/3 levels left

rFire    . . .     SeeInvis .   a - +0 mace (chaos)
rCold    . . .     Gourm    .   (no shield)
rNeg     . . .     Faith    .   b - +2 leather armour
rPois    .         Spirit   .   (no helmet)
rElec    .         Reflect  .   (no cloak)
rCorr    .         Harm     .   (no gloves)
MR       .....                  n - +0 pair of boots
Stlth    +.........             (no amulet)
Regen    0.2/turn               (no ring)
MPRegen  0.1/turn               (no ring)

@: lethally poisoned (-1 -> -9)
A: claws 1, icy blue scales 1
a: Renounce Religion


You were on level 3 of the Dungeon.
You worshipped Xom.
You were a toy of Xom.
You were hungry.

You visited 1 branch of the dungeon, and saw 3 of its levels.

You collected 105 gold pieces.

Inventory:

Hand Weapons
 a - a +0 mace of chaos (weapon)
Armour
 b - a +2 leather armour (worn)
 n - a +0 pair of boots (worn)
Jewellery
 g - an uncursed amulet of regeneration {unknown}
Scrolls
 d - 2 scrolls of fog {unknown}
 j - a scroll of teleportation {unknown}
 r - a scroll of remove curse {unknown}
 s - a scroll of recharging {unknown}
Potions
 e - a potion of might {unknown}
 h - a potion of invisibility {unknown}
 i - 2 potions of lignification {unknown}
 l - a potion of degeneration {unknown}
 m - a potion of resistance {unknown}
 p - 2 potions of brilliance {unknown}
 q - a potion of flight {unknown}
Comestibles
 c - 3 bread rations
 f - a royal jelly
 k - a meat ration
 t - 2 fruits


   Skills:
 - Level 3.0 Fighting
 + Level 4.0 Maces & Flails
 - Level 2.1 Armour
 - Level 1.6 Dodging


You had 3 spell levels left.
You didn't know any spells.

Dungeon Overview and Level Annotations

Branches:
Dungeon (3/15)

Altars:
Qazlal


Innate Abilities, Weirdness & Mutations

You have sharp fingernails.
You are partially covered in icy blue scales. (AC +2)


Message History

You hit the orc. Lightning courses through the orc!
You kill the orc!
The scorpion stings you but does no damage.
You closely miss the scorpion. The scorpion stings you.
You are poisoned.
The scorpion poisons you!
You barely miss the scorpion.
You feel sick. The scorpion stings you.
You hit the scorpion. You freeze the scorpion.
The scorpion is moderately wounded.
You feel sick. The scorpion stings you.
* * * LOW HITPOINT WARNING * * *
You hit the scorpion.
The scorpion is poisoned.
The scorpion is heavily wounded.
* * * LOW HITPOINT WARNING * * *
You feel sick. The scorpion stings you.
* * * LOW HITPOINT WARNING * * *
You hit the scorpion but do no damage.
The scorpion is heavily wounded.
The scorpion stings you.
You die...

#########
#.......#
#.#####.#
#....##@#
#..#.##s##
#..#.##oo.!....
#............#.
##..####.##....
##.# .# ##. #.#
.. #.# .. #<#
#.o


You could see a scorpion and 2 orcs.

Vanquished Creatures
  3 adders (D:2)
  An ooze (D:1)
  A worm (D:2)
  A leopard gecko (D:2)
  3 orcs (D:3)
  A ball python (D:2)
  2 giant cockroaches (D:2)
  3 hobgoblins
  5 jackals
  7 kobolds
  A quokka (D:2)
  4 bats
  A frilled lizard (D:2)
  A goblin (D:2)
  5 rats
39 creatures vanquished.

Vanquished Creatures (others)
  An ooze (D:2)
1 creature vanquished.

Grand Total: 40 creatures vanquished

Notes
Turn   | Place    | Note
-------+----------+-------------------------------------------
     0 | D:1      | JayJay1191 the Demonspawn Chaos Knight began the quest for the Orb.
     0 | D:1      | Reached XP level 1. HP: 18/18 MP: 1/1
    35 | D:1      | XOM: harmless Chrm miscast
   222 | D:1      | XOM: silly message
   271 | D:1      | Reached skill level 3 in Maces & Flails
   386 | D:1      | XOM: cast spell 'Summon Ice Beast'
   496 | D:1      | Gained mutation: You are partially covered in icy blue scales. (AC +2) [demonic ancestry]
   496 | D:1      | Reached XP level 2. HP: 21/24 MP: 2/2
   622 | D:1      | XOM: mild Conj miscast
  1116 | D:2      | Found a stormy altar of Qazlal.
  1234 | D:2      | Reached XP level 3. HP: 22/29 MP: 3/3
  1303 | D:2      | XOM: blink monster(s)
  1306 | D:2      | XOM: enchant monster (bad)
  1307 | D:2      | Reached skill level 4 in Maces & Flails
  1387 | D:2      | Reached skill level 1 in Dodging
  1423 | D:2      | XOM: harmless Tmut miscast
  1733 | D:2      | Gained mutation: You have sharp fingernails. [demonic ancestry]
  1733 | D:2      | Reached XP level 4. HP: 34/35 MP: 4/4
  1796 | D:2      | XOM: harmless Necr miscast
  1974 | D:3      | Slain by a scorpion

Skill      XL: |  1  2  3 |
---------------+----------+-----
Maces & Flails | 3 4 |  4.0
Dodging        | 1 |  1.6
Armour         | 2 |  2.1
Fighting       | |  3.0

Action                   |  1- 3 |  4- 6 || total
-------------------------+-------+-------++-------
Melee: Mace              |   114 |    28 ||   142
 Stab: Paralysed         |     2 |       ||     2
       Confused          |     1 |       ||     1
       Sleeping          |     1 |       ||     1
  Eat: Chunk             |     3 |       ||     3
Armor: Leather armour    |    55 |     7 ||    62
Dodge: Dodged            |    67 |     9 ||    76
